Map: Molten Temple

Players

Amix - Winner!

  • Race: Protoss Protoss
  • Spawn Location: 9:00

Sharpshooter - Winner!

  • Race: Protoss Protoss
  • Spawn Location: 9:00

Sorhey - Winner!

  • Race: Terran Terran
  • Spawn Location: 9:00

A.I. 3 (Hard)

  • Race: Protoss Protoss
  • Spawn Location: 3:00

A.I. 4 (Harder)

  • Race: Terran Terran
  • Spawn Location: 3:00

A.I. 5 (Hard)

  • Race: Zerg Zerg
  • Spawn Location: 3:00

VOD

Have the link to the VOD?

Description

Time

  • Played on: Nov. 25, 2016, 3:51 p.m.
  • Length: 15:23
Show
View Real Time Build Order
Export as new Build Order

Amix Protoss - Winner!

Build Orders: Double Forge 

Get SALT Encoding   

  12  0:05  Probe (Chrono Boost)  
  13  0:20  Probe (Chrono Boost), Pylon  
  14  0:31  Probe (Chrono Boost)  
  15  0:41  Probe (Chrono Boost)  
  16  0:43  Gateway  
  16  0:52  Probe (Chrono Boost)  
  17  0:59  Assimilator  
  17  1:02  Probe (Chrono Boost)  
  18  1:13  Probe (Chrono Boost)  
  18  1:14  Gateway  
  19  1:23  Probe (Chrono Boost)  
  20  1:34  Probe (Chrono Boost), Pylon  
  21  1:43  Zealot  
  23  1:52  Probe (Chrono Boost)  
  24  2:06  Nexus  
  24  2:12  Probe (Chrono Boost)  
  25  2:22  Pylon  
  25  2:24  Zealot  
  25  2:26  Zealot  
  25  2:29  Probe (Chrono Boost)  
  30  2:34  Assimilator  
  30  2:39  Probe (Chrono Boost)  
  31  2:47  Cybernetics Core  
  31  2:52  Zealot  
  31  2:57  Probe (Chrono Boost)  
  34  3:07  Probe (Chrono Boost)  
  35  3:12  Forge  
  35  3:17  Probe (Chrono Boost)  
  36  3:30  Forge, Mothership Core  
  38  3:40  Probe  
  39  3:50  Probe  
  39  3:52  Probe, Assimilator  
  39  3:54  Assimilator  
  41  4:00  Probe  
  42  4:02  Warp Gate (Chrono Boost)  
  42  4:04  Probe  
  42  4:08  Gateway  
  43  4:11  Probe  
  43  4:16  Protoss Shields Level 1 (Chrono Boost), Probe  
  45  4:24  Twilight Council  
  45  4:25  Protoss Ground Weapons Level 1 (Chrono Boost)  
  45  4:34  Adept x2  
  49  4:53  Probe x2  
  51  5:02  Pylon  
  51  5:05  Probe x2, Pylon  
  53  5:08  Gateway  
  53  5:11  Gateway  
  51  5:27  Probe  
  51  5:28  Probe  
  53  5:39  Probe  
  53  5:40  Probe  
  55  5:51  Probe  
  55  5:52  Probe  
  57  6:04  Probe x2  
  58  6:09  Gateway x2  
  59  6:12  Gateway  
  59  6:15  Gateway  
  59  6:24  Protoss Ground Armor Level 1 (Chrono Boost)  
  59  6:25  Probe x2  
  61  6:26  Pylon  
  51  6:42  Pylon  
  51  6:52  Stalker x2  
  55  6:54  Stalker  
  57  7:10  Pylon  
  57  7:11  Pylon  
  57  7:31  Probe x2  
  57  7:35  Stalker  
  57  7:36  Stalker x4  
  69  7:37  Stalker  
  69  7:38  Stalker  
  69  7:39  Stalker  
  69  7:41  Pylon  
  69  7:43  Probe x2  
  77  7:46  Nexus, Assimilator  
  77  7:50  Assimilator  
  77  7:55  Probe x2  
  79  8:02  Protoss Ground Weapons Level 2 (Chrono Boost), Protoss Shields Level 2 (Chrono Boost)  
  79  8:04  Blink (Chrono Boost)  
  79  8:07  Probe  
  79  8:08  Probe  
  81  8:16  Gateway  
  81  8:18  Gateway  
  81  8:19  Gateway  
  81  8:21  Gateway  
  81  8:22  Gateway  
  81  8:30  Stalker x2  
  81  8:31  Stalker x2  
  81  8:32  Stalker  
  81  8:33  Stalker x3  
  81  8:34  Stalker  
  99  8:56  Pylon  
  99  8:58  Pylon  
  99  8:59  Pylon  
  99  9:00  Pylon  
  99  9:01  Pylon  
  99  9:05  Adept x2  
  99  9:06  Adept x2  
  97  9:59  Adept, Pylon  
  99  10:00  Pylon, Adept x6  
  99  10:01  Pylon, Adept x2  
  99  10:02  Adept  
  99  10:03  Pylon x2  
  99  10:05  Pylon  
  117  10:11  Charge (Chrono Boost)  
  117  10:18  Protoss Shields Level 3 (Chrono Boost)  
  117  10:36  Protoss Ground Armor Level 2 (Chrono Boost)  
  117  10:40  Pylon  
  117  10:41  Mothership Core  
  119  10:44  Pylon  
  119  10:49  Adept x4  
  127  10:50  Adept x4  
  127  10:51  Adept  
  127  10:52  Adept  
  137  11:32  Adept  
  137  11:33  Adept x6  
  137  11:34  Adept x5  
  137  11:35  Adept x2  
  165  12:17  Pylon  
  165  12:20  Pylon  
  133  12:38  Protoss Ground Weapons Level 3 (Chrono Boost), Pylon  
  133  12:40  Pylon  
  103  12:59  Stalker x2  
  103  13:00  Stalker x3  
  103  13:01  Stalker  
  103  13:02  Stalker  
  103  13:03  Stalker x4  
  103  13:04  Stalker x3  
  123  13:32  Pylon  
  123  13:33  Pylon  
  123  13:35  Pylon  
  123  13:37  Pylon  
  123  13:55  Zealot x5  
  129  13:56  Zealot x5  
  129  13:57  Zealot x4  
  151  14:26  Adept  
  151  14:27  Adept x4  
  151  14:28  Adept  
  163  15:04  Pylon  
Show
View Real Time Build Order
Export as new Build Order

Sharpshooter Protoss - Winner!

Build Orders:  

Get SALT Encoding   

  12  0:02  Probe (Chrono Boost)  
  13  0:12  Probe (Chrono Boost)  
  14  0:23  Probe (Chrono Boost)  
  14  0:28  Pylon  
  15  0:46  Probe (Chrono Boost)  
  15  0:48  Gateway  
  17  0:57  Probe (Chrono Boost)  
  17  0:59  Assimilator  
  17  1:07  Probe (Chrono Boost)  
  18  1:17  Pylon  
  18  1:18  Probe (Chrono Boost)  
  19  1:28  Probe (Chrono Boost)  
  20  1:40  Cybernetics Core  
  20  2:03  Assimilator  
  20  2:05  Probe (Chrono Boost)  
  20  2:06  Nexus  
  21  2:16  Probe (Chrono Boost)  
  21  2:20  Stargate  
  22  2:26  Probe (Chrono Boost)  
  23  2:32  Pylon  
  23  2:34  Assimilator  
  23  2:41  Zealot  
  25  2:53  Pylon  
  25  3:04  Void Ray  
  29  3:19  Probe  
  29  3:25  Forge  
  30  3:30  Probe  
  31  3:38  Pylon  
  31  3:40  Probe  
  31  3:44  Pylon  
  31  3:47  Void Ray  
  36  3:54  Probe  
  37  4:05  Pylon  
  37  4:23  Stargate  
  37  4:30  Void Ray (Chrono Boost)  
  41  4:32  Photon Cannon  
  41  4:48  Protoss Shields Level 1  
  41  4:51  Protoss Air Weapons Level 1 (Chrono Boost)  
  41  4:58  Probe  
  50  5:28  Void Ray (Chrono Boost)  
  50  5:31  Probe  
  50  5:33  Assimilator  
  50  5:34  Void Ray (Chrono Boost)  
  51  5:41  Probe, Photon Cannon  
  52  5:52  Probe  
  53  6:02  Probe  
  54  6:13  Probe  
  55  6:23  Probe  
  56  6:34  Probe  
  57  6:46  Void Ray (Chrono Boost)  
  65  6:52  Void Ray (Chrono Boost)  
  65  6:53  Twilight Council  
  65  6:55  Fleet Beacon  
  65  7:04  Probe  
  65  7:06  Photon Cannon  
  66  7:14  Probe  
  67  7:25  Probe  
  68  7:35  Probe  
  68  7:38  Nexus  
  68  7:41  Pylon  
  69  7:46  Probe  
  69  7:47  Pylon  
  69  7:51  Pylon  
  70  7:55  Void Ray (Chrono Boost)  
  70  7:56  Probe  
  79  8:07  Probe  
  79  8:09  Void Ray (Chrono Boost)  
  80  8:17  Protoss Shields Level 2  
  80  8:18  Probe  
  81  8:20  Protoss Air Weapons Level 2  
  89  9:03  Void Ray (Chrono Boost)  
  89  9:08  Void Ray (Chrono Boost)  
  89  9:48  Photon Cannon  
  89  9:50  Photon Cannon  
  89  9:51  Photon Cannon  
  89  9:52  Photon Cannon  
  93  10:00  Void Ray (Chrono Boost)  
  93  10:06  Void Ray (Chrono Boost)  
  97  10:07  Stargate  
  97  10:09  Pylon  
  97  10:13  Pylon  
  97  10:17  Pylon  
  109  10:58  Void Ray x2 (Chrono Boost)  
  109  11:06  Assimilator  
  109  11:10  Assimilator  
  109  11:14  Void Ray (Chrono Boost)  
  109  11:55  Stargate x2  
  109  11:57  Stargate  
  109  11:59  Stargate  
  109  12:01  Stargate  
  109  12:03  Stargate  
  109  12:09  Protoss Air Weapons Level 3  
  109  12:11  Protoss Shields Level 3  
  97  13:43  Void Ray (Chrono Boost)  
  97  13:47  Void Ray x2 (Chrono Boost)  
  133  13:49  Void Ray x3 (Chrono Boost)  
  133  13:50  Void Ray (Chrono Boost)  
  133  13:51  Void Ray x2 (Chrono Boost)  
  133  15:06  Pylon  
  133  15:07  Pylon  
  133  15:09  Pylon  
  133  15:11  Pylon  
  133  15:13  Pylon  
Show
View Real Time Build Order
Export as new Build Order

Sorhey Terran - Winner!

Build Orders:  

Get SALT Encoding   

  12  0:11  SCV  
  13  0:24  SCV  
  13  0:25  Supply Depot  
  14  0:40  SCV  
  15  0:42  Engineering Bay  
  15  0:46  Refinery  
  15  0:52  SCV  
  16  1:01  Supply Depot  
  16  1:04  SCV  
  17  1:16  SCV  
  18  1:24  Barracks  
  18  1:32  Refinery  
  18  1:35  Supply Depot  
  18  1:36  SCV  
  19  1:51  SCV  
  20  1:59  Supply Depot  
  20  2:06  SCV  
  21  2:11  Barracks  
  21  2:32  Command Center  
  21  2:38  SCV  
  22  3:05  SCV  
  23  3:17  SCV  
  23  3:19  Factory  
  24  3:29  SCV  
  25  3:40  Barracks Reactor  
  25  3:42  Barracks Tech Lab  
  25  3:44  SCV  
  26  3:54  SCV, Sensor Tower  
  27  3:56  SCV  
  28  4:06  SCV, Sensor Tower  
  28  4:08  SCV  
  30  4:11  Armory  
  30  4:15  Supply Depot  
  30  4:20  SCV  
  32  4:26  Orbital Command  
  32  4:30  Refinery  
  31  4:32  SCV  
  31  4:38  Supply Depot  
  32  4:43  Factory Tech Lab  
  32  4:44  SCV  
  33  4:57  SCV  
  34  5:00  Marine x2  
  34  5:03  Supply Depot  
  36  5:09  SCV  
  37  5:18  Marine x2, SCV  
  37  5:21  Refinery  
  40  5:26  Supply Depot  
  40  5:36  Marine x2  
  42  5:45  Barracks  
  44  5:50  Marauder, Starport  
  44  5:53  Marine  
  44  5:54  Marine  
  48  6:11  Marine, Marauder  
  48  6:12  Marine  
  48  6:15  Siege Tank  
  53  6:28  Supply Depot  
  55  6:33  Marauder  
  55  6:38  SCV  
  56  6:48  Command Center, Siege Tank  
  56  6:50  Barracks Reactor  
  61  6:54  Marauder  
  61  6:56  Missile Turret  
  61  6:57  Supply Depot  
  61  7:11  Starport Reactor  
  63  7:15  Marauder  
  63  7:19  Supply Depot  
  63  7:38  Marine  
  63  7:40  Marauder, Marine  
  63  7:41  Marine x2, Missile Turret  
  69  7:56  Marine  
  70  7:58  Marine  
  70  7:59  Marine x2, SCV  
  70  8:02  Marauder  
  70  8:05  Supply Depot  
  76  8:14  Marine  
  76  8:15  Sensor Tower  
  76  8:16  Marine  
  76  8:17  Marine x2  
  80  8:23  Marauder  
  80  8:24  Missile Turret  
  82  8:28  SCV  
  82  8:33  Medivac x2  
  87  8:37  Supply Depot  
  87  8:40  SCV  
  88  8:44  Marauder  
  88  8:45  Combat Shields  
  90  9:00  Supply Depot  
  90  9:01  SCV  
  91  9:03  Medivac x2  
  91  9:06  Marauder  
  97  9:13  SCV  
  97  9:14  Refinery  
  98  9:17  Barracks  
  98  9:33  Medivac x2  
  98  9:36  Marine x2  
  98  9:37  Marauder, Marine  
  98  9:38  Marine  
  107  9:53  Marine  
  107  9:54  Marine  
  107  9:55  Marine  
  107  9:56  Marine  
  107  9:58  Marauder  
  113  10:03  Medivac x2  
  113  10:05  Stimpack  
  117  10:07  Barracks Tech Lab  
  117  10:11  Marine x2  
  119  10:20  Marauder  
  121  10:33  Medivac x2  
  125  10:41  Marauder  
  127  10:46  Liberator x2  
  127  10:51  Infernal Pre-Igniter  
  127  10:54  Widow Mine  
  129  11:00  Terran Vehicle Weapons Level 1  
  129  11:02  Marauder, Terran Infantry Weapons Level 1  
  137  11:22  Widow Mine  
  137  11:24  Marauder  
  141  11:28  Engineering Bay  
  141  11:29  Liberator  
  141  11:46  Medivac  
  146  12:07  Terran Infantry Armor Level 1  
  146  12:10  Mag-Field Launchers  
  146  12:17  Marine x3  
  146  12:18  Marauder, Marine  
  146  12:22  Medivac  
  154  12:29  Medivac  
  156  12:34  Marine  
  156  12:35  Marine x2  
  159  12:39  Marauder  
  161  12:52  Medivac  
  163  12:59  Medivac  
  163  13:00  Marauder  
  166  13:08  Unknown  
  166  13:22  Marauder  
  168  13:28  Drilling Claws  
  168  13:29  Marine  
  168  13:30  Marine, Marauder  
  172  13:43  Marauder  
  174  14:32  Marine  
  174  14:33  Marine x5  
  174  14:38  Medivac x2  
  184  14:50  Marine x4  
  184  14:51  Marine x2  
  190  14:53  Unknown  
Show
View Real Time Build Order
Export as new Build Order

A.I. 3 (Hard) Protoss 

Build Orders:  

Get SALT Encoding   

  12  0:01  Probe (Chrono Boost)  
  13  0:12  Probe (Chrono Boost)  
  14  0:22  Probe (Chrono Boost), Pylon  
  15  0:41  Probe (Chrono Boost)  
  16  0:47  Assimilator  
  16  0:51  Probe (Chrono Boost)  
  16  0:52  Gateway  
  17  1:01  Pylon  
  17  1:02  Probe (Chrono Boost)  
  18  1:12  Probe (Chrono Boost)  
  19  1:23  Probe (Chrono Boost)  
  20  1:38  Zealot  
  20  1:43  Cybernetics Core  
  20  1:46  Gateway  
  22  1:49  Assimilator  
  22  2:04  Pylon  
  22  2:17  Adept  
  24  2:23  Warp Gate  
  24  2:31  Adept  
  26  2:44  Zealot  
  26  2:45  Pylon  
  28  2:56  Adept  
  30  3:10  Adept  
  32  3:22  Stalker  
  32  3:26  Probe (Chrono Boost), Pylon  
  35  3:36  Adept  
  35  3:38  Probe (Chrono Boost)  
  38  3:45  Forge  
  39  3:49  Probe (Chrono Boost)  
  39  3:50  Adept  
  41  4:01  Probe (Chrono Boost)  
  41  4:02  Adept  
  44  4:13  Probe (Chrono Boost)  
  44  4:15  Adept  
  48  4:25  Probe (Chrono Boost)  
  48  6:03  Protoss Ground Weapons Level 1  
  48  6:08  Sentry  
  48  6:11  Gateway  
  50  6:17  Pylon  
  50  6:18  Stalker  
  52  6:19  Photon Cannon  
  52  6:22  Photon Cannon  
  52  6:27  Robotics Facility, Nexus  
  52  6:29  Stargate  
  52  6:30  Stalker  
  52  6:31  Forge  
  54  6:34  Twilight Council  
  54  6:40  Sentry  
  54  6:46  Pylon  
  50  6:52  Stalker  
  46  6:58  Protoss Ground Armor Level 1  
  46  7:02  Stalker  
  48  7:12  Zealot  
  48  7:14  Observer  
  51  7:22  Zealot  
  53  7:24  Blink  
  52  7:32  Stalker  
  52  7:34  Observer  
  55  7:40  Probe (Chrono Boost)  
  55  7:42  Probe (Chrono Boost)  
  58  7:51  Probe (Chrono Boost)  
  58  7:54  Probe (Chrono Boost)  
  59  7:58  Pylon  
  59  8:02  Pylon  
  59  8:03  Assimilator, Probe (Chrono Boost)  
  59  8:05  Probe (Chrono Boost)  
  61  8:14  Probe (Chrono Boost)  
  61  8:17  Probe (Chrono Boost)  
  63  8:23  Photon Cannon  
  63  8:26  Photon Cannon, Probe (Chrono Boost)  
  64  8:28  Probe (Chrono Boost)  
  65  8:37  Probe (Chrono Boost)  
  65  8:40  Probe (Chrono Boost)  
  68  8:48  Probe (Chrono Boost)  
  68  8:50  Probe (Chrono Boost)  
  69  8:59  Probe (Chrono Boost)  
  69  9:02  Probe (Chrono Boost)  
  71  9:08  Stalker  
  69  9:18  Adept  
  51  9:29  Sentry  
  49  9:36  Assimilator  
  49  9:39  Adept  
  51  9:49  Sentry  
  53  9:59  Stalker  
  56  10:00  Probe (Chrono Boost)  
  56  10:01  Probe (Chrono Boost)  
  57  10:09  Adept  
  59  10:19  Stalker  
  61  10:29  Stalker  
  61  10:31  Warp Prism  
  65  10:36  Stalker  
  65  10:38  Gateway  
  65  10:41  Robotics Facility  
  65  10:42  Zealot  
  69  10:48  Stargate  
  69  10:50  Zealot  
  71  10:59  Zealot  
  73  11:05  Stalker, Warp Prism  
  73  11:06  Protoss Ground Weapons Level 2  
  77  11:12  Zealot  
  79  11:26  Warp Prism  
  79  11:27  Protoss Air Weapons Level 1  
  81  11:34  Robotics Bay  
  81  11:40  Observer  
  82  12:01  Immortal x2  
  89  12:15  Void Ray  
  89  12:21  Pylon  
  93  12:33  Nexus  
  93  12:38  Dark Shrine, Void Ray  
  93  12:43  Zealot  
  96  12:50  Stalker  
  66  12:54  Stalker  
  66  12:57  Stalker  
  46  13:05  Stalker  
  44  13:13  Stalker  
  44  13:17  Stalker  
  24  13:24  Zealot  
  22  13:28  Probe (Chrono Boost)  
  22  13:33  Void Ray  
  14  13:39  Stalker  
  14  13:40  Probe (Chrono Boost)  
  18  13:48  Zealot  
  18  13:51  Probe (Chrono Boost)  
Show
View Real Time Build Order
Export as new Build Order

A.I. 4 (Harder) Terran 

Build Orders: MMM Bio 

Get SALT Encoding   

  12  0:01  SCV  
  13  0:13  SCV  
  14  0:19  Supply Depot  
  14  0:25  SCV  
  15  0:41  SCV  
  16  0:43  Barracks  
  16  0:48  Refinery  
  16  0:53  SCV  
  17  1:05  SCV  
  18  1:17  SCV  
  19  1:19  Supply Depot  
  19  1:29  Marine, SCV  
  21  1:41  Barracks  
  21  1:42  Orbital Command  
  21  1:47  Marine  
  21  1:49  Refinery  
  22  2:07  Marine  
  22  2:08  Supply Depot  
  23  2:26  Barracks Tech Lab  
  23  2:27  Marine  
  24  2:40  Supply Depot  
  24  2:44  Marine  
  24  2:45  Marine  
  26  2:59  SCV  
  26  3:02  Marine  
  26  3:03  Marine  
  29  3:11  Engineering Bay  
  29  3:12  SCV  
  30  3:20  Marine  
  30  3:21  Marauder  
  30  3:24  SCV, Supply Depot  
  34  3:36  SCV  
  35  3:42  Marauder  
  35  3:48  SCV  
  38  4:00  SCV  
  39  4:03  Marauder  
  41  4:25  Marauder  
  43  4:38  Barracks Tech Lab  
  43  4:40  Stimpack  
  43  4:41  Factory  
  43  4:44  Factory  
  43  4:46  Command Center, Reaper  
  44  4:56  Concussive Shells  
  44  4:57  Marauder  
  46  5:04  Terran Infantry Weapons Level 1  
  46  5:12  Supply Depot  
  46  5:18  Marine x2  
  39  5:24  Factory Tech Lab  
  33  5:29  Starport  
  33  5:33  Starport  
  33  5:34  Factory Tech Lab  
  33  5:35  Marine  
  33  5:36  Marine  
  33  5:39  Combat Shields  
  35  5:53  Marine  
  35  5:54  Marauder  
  38  6:03  SCV  
  39  6:08  Refinery, Starport Tech Lab  
  39  6:10  Starport Tech Lab  
  39  6:11  Marine  
  39  6:12  Refinery  
  39  6:15  Marine  
  39  6:23  Refinery  
  39  6:24  SCV  
  39  6:25  SCV  
  41  6:29  Marine  
  42  6:33  Marine  
  42  6:36  SCV  
  44  6:40  SCV  
  45  6:47  Marauder  
  45  6:48  SCV  
  45  6:50  Marine  
  45  6:52  SCV  
  50  6:58  Terran Infantry Armor Level 1  
  50  7:00  SCV  
  51  7:04  Ghost Academy  
  51  7:09  Marauder x2  
  51  7:12  SCV  
  56  7:16  SCV  
  57  7:24  SCV  
  57  7:28  SCV  
  58  7:30  Marine, Reaper  
  58  7:33  Raven  
  58  7:37  SCV  
  63  7:40  SCV  
  64  7:44  Raven  
  64  7:47  Marine  
  64  7:49  SCV  
  68  7:52  SCV, Supply Depot  
  69  8:01  SCV, Ghost  
  69  8:03  Missile Turret  
  69  8:04  SCV  
  73  8:11  Missile Turret  
  73  8:13  SCV  
  73  8:15  Missile Turret  
  73  8:16  SCV  
  75  8:25  SCV  
  76  8:28  SCV, Missile Turret  
  76  8:32  Supply Depot  
  77  8:37  SCV  
  72  8:42  Barracks  
  65  9:07  Command Center  
  65  9:22  Factory  
  65  9:31  Starport  
  65  9:32  Barracks Reactor  
  61  9:38  Medivac  
  61  9:41  Marine  
  62  9:49  Siege Tank  
  65  9:53  Medivac  
  67  10:05  Marine  
  68  10:07  Factory Tech Lab  
  68  10:08  Marine, Medivac, Starport Reactor  
  68  10:11  Marine  
  72  10:14  Marine  
  69  10:23  Marine, SCV, Raven  
  69  10:24  SCV  
  69  10:25  SCV  
  75  10:29  Marine  
  75  10:32  Marine  
  75  10:35  Marine  
  76  10:37  SCV  
  76  10:42  SCV  
  73  10:45  SCV  
  73  10:48  Marine  
  73  10:49  SCV  
  75  10:54  SCV  
  76  11:01  SCV, Siege Tank  
  76  11:03  SCV  
  81  11:06  SCV  
  82  11:13  SCV  
  82  11:16  SCV  
  80  11:19  SCV  
  80  11:25  SCV  
  80  11:31  SCV x2  
  82  11:38  SCV  
  82  11:43  SCV  
  83  11:49  Armory  
  83  11:54  SCV  
  84  11:56  Widow Mine  
  75  12:13  Marine  
  76  12:17  Viking  
  76  12:21  Marine  
  76  12:22  Marine  
  76  12:25  Marine  
  69  12:30  Marine  
  57  12:38  Marine  
  57  12:40  Marine  
  57  12:41  Thor  
  57  12:43  Marine  
  40  12:48  Marine  
  39  12:56  Marine  
  39  12:58  SCV  
  33  13:05  SCV  
  33  13:11  SCV  
  32  13:12  Marine  
  32  13:18  Marine  
  34  13:24  Marine  
  30  13:28  SCV  
  10  14:02  SCV  
  11  14:10  Marine  
  11  14:14  SCV  
  12  14:26  SCV  
  12  14:27  Supply Depot  
  9  14:38  SCV  
  1  15:15  Command Center  
Show
View Real Time Build Order
Export as new Build Order

A.I. 5 (Hard) Zerg 

Build Orders: Pool First 

Get SALT Encoding   

  12  0:01  Drone  
  13  0:12  Overlord  
  13  0:16  Drone  
  14  0:30  Drone  
  14  0:32  Drone  
  16  0:44  Spawning Pool  
  16  0:45  Drone  
  16  0:50  Drone  
  16  0:53  Extractor  
  16  0:55  Drone  
  17  1:06  Overlord  
  17  1:31  Queen, Zergling x2  
  20  1:37  Roach Warren  
  20  1:38  Drone  
  20  1:43  Zergling x2  
  20  1:45  Extractor  
  20  1:49  Drone  
  21  2:00  Drone  
  22  2:10  Overlord  
  22  2:21  Drone  
  23  2:32  Roach  
  25  2:39  Drone  
  25  2:41  Overlord  
  26  2:44  Roach  
  28  2:55  Drone  
  28  2:56  Roach  
  31  3:05  Drone  
  32  3:09  Ravager x2  
  32  3:10  Drone, Roach  
  37  3:16  Overlord  
  37  3:22  Roach  
  39  3:27  Drone  
  40  3:34  Ravager  
  40  3:35  Baneling Nest  
  40  3:38  Roach  
  42  3:42  Drone  
  42  3:43  Drone  
  42  3:47  Overlord  
  44  3:50  Roach  
  46  4:00  Drone, Evolution Chamber  
  46  4:11  Drone  
  46  4:13  Roach  
  49  5:55  Zerg Melee Weapons Level 1, Overlord, Lair, Zergling x2  
  50  5:58  Evolution Chamber  
  50  6:00  Spore Crawler  
  50  6:01  Drone, Baneling  
  50  6:03  Drone, Spore Crawler  
  49  6:07  Zergling x2  
  49  6:08  Hatchery  
  49  6:13  Drone, Zergling x2  
  51  6:19  Zergling x2  
  51  6:23  Zerg Ground Armor Level 1  
  51  6:25  Baneling, Zergling x2  
  53  6:31  Zergling x2  
  49  6:37  Zergling x2  
  36  6:53  Burrow  
  34  6:55  Metabolic Boost  
  34  6:56  Spine Crawler  
  34  6:57  Drone  
  34  6:59  Spire  
  34  7:01  Drone  
  34  7:08  Spine Crawler  
  33  7:20  Queen  
  33  7:21  Drone  
  37  7:22  Drone  
  37  7:24  Drone  
  37  7:26  Drone  
  37  7:27  Drone  
  37  7:29  Drone  
  41  7:30  Drone  
  41  7:32  Drone  
  41  7:34  Drone  
  41  7:36  Drone  
  41  7:37  Extractor  
  44  7:40  Drone  
  44  7:42  Drone  
  46  7:50  Drone, Zerg Missile Weapons Level 1  
  47  7:52  Drone  
  47  7:55  Drone  
  47  7:57  Drone  
  50  7:59  Drone  
  50  8:02  Drone  
  50  8:04  Drone  
  53  8:11  Overseer  
  53  8:13  Drone, Mutalisk  
  53  8:16  Overseer  
  56  8:21  Spore Crawler  
  56  8:23  Mutalisk  
  56  8:24  Drone  
  56  8:25  Spore Crawler  
  57  8:27  Drone  
  57  8:29  Drone, Mutalisk  
  57  8:32  Queen  
  63  8:34  Mutalisk  
  63  8:35  Overlord  
  63  8:40  Mutalisk  
  67  8:41  Hydralisk Den  
  67  8:43  Drone  
  67  8:46  Mutalisk  
  67  8:47  Infestation Pit  
  68  8:48  Drone  
  68  8:52  Spine Crawler  
  68  8:53  Drone  
  69  8:58  Spine Crawler  
  68  9:13  Zergling x2  
  67  9:19  Zergling x2  
  67  9:21  Extractor  
  64  9:25  Baneling, Extractor  
  64  9:27  Drone  
  64  9:31  Zergling x2  
  65  9:37  Zergling x2  
  66  9:43  Drone, Baneling  
  66  9:45  Drone  
  68  9:48  Zergling x2  
  68  9:49  Drone  
  68  9:50  Drone  
  71  9:57  Roach, Overlord  
  71  9:58  Pneumatized Carapace  
  71  9:59  Hatchery  
  72  10:02  Roach  
  72  10:04  Overseer  
  72  10:06  Hydralisk  
  74  10:12  Roach  
  78  10:17  Roach  
  78  10:20  Overlord  
  80  10:22  Hydralisk  
  80  10:27  Infestor  
  84  10:32  Roach  
  86  10:37  Roach  
  86  10:39  Overlord  
  90  10:42  Roach  
  90  10:45  Zerg Melee Weapons Level 2  
  90  10:47  Roach  
  92  10:52  Hydralisk  
  94  10:57  Hydralisk, Overlord  
  94  10:59  Zerg Ground Armor Level 2  
  94  11:02  Infestor  
  98  11:07  Infestor  
  100  11:12  Drone  
  100  11:14  Drone  
  100  11:16  Drone  
  100  11:17  Drone  
  104  11:19  Drone  
  104  11:20  Drone  
  104  11:22  Drone  
  104  11:24  Drone, Overlord  
  104  11:25  Drone  
  109  11:27  Drone  
  109  11:29  Drone  
  109  11:31  Drone  
  112  11:33  Drone  
  112  11:35  Drone  
  112  11:37  Drone  
  115  11:41  Pathogen Glands  
  115  11:44  Overlord  
  115  11:48  Glial Reconstitution  
  115  11:51  Zerg Flyer Weapons Level 1  
  115  12:00  Spore Crawler  
  114  12:02  Drone  
  114  12:04  Spore Crawler  
  114  12:05  Drone  
  114  12:06  Queen  
  117  12:11  Roach  
  117  12:14  Roach  
  117  12:19  Zergling x2  
  105  12:27  Hydralisk  
  97  12:30  Spine Crawler  
  97  12:32  Spine Crawler  
  97  12:33  Roach  
  83  12:38  Hydralisk  
  83  12:39  Overseer  
  83  12:43  Hive  
  72  12:44  Roach  
  72  12:49  Roach  
  72  12:50  Overseer  
  76  12:55  Roach, Extractor  
  77  13:00  Roach  
  77  13:01  Hydralisk  
  77  13:05  Roach  
  81  13:06  Drone  
  81  13:07  Drone  
  81  13:10  Drone, Zergling x2  
  81  13:11  Overseer  
  83  13:15  Infestor  
  83  13:16  Overlord  
  83  13:19  Roach  
  87  13:22  Roach  
  87  13:24  Hydralisk  
  87  13:26  Overseer  
  81  13:28  Hydralisk  
  81  13:30  Hydralisk  
  83  13:34  Overlord  
  83  13:35  Overseer  
  83  13:37  Roach  
  83  13:40  Roach  
  87  13:44  Overseer  
  87  13:45  Overlord  
  79  13:57  Lair, Overlord x2  
  69  14:12  Overseer  
  69  14:15  Roach  
  71  14:18  Hydralisk, Overlord  
  71  14:21  Roach  
  77  14:24  Roach  
  77  14:27  Roach  
  77  14:29  Evolution Chamber, Hatchery  
  77  14:30  Roach  
  77  14:32  Evolution Chamber  
  77  14:33  Roach  
  77  14:36  Roach  
  77  14:38  Overlord  
  75  14:39  Roach  
  65  14:58  Overlord  
  53  15:05  Overlord  
Tags
 
Add a new tag
Caveats
  • Supply blocks, unpowered buildings, or Contaminate may cause inaccurate times.
  • Supply counts are checked every 10 seconds.